Map: Overgrown Facility

Players

InstagiB

  • Race: Terran Terran
  • League: Diamond
  • Spawn Location: 3:00

OwnEd

  • Race: Terran Terran
  • Spawn Location: 1:00

Scorpion - Winner!

  • Race: Protoss Protoss
  • Spawn Location: 7:00

PureLegacy - Winner!

  • Race: Terran Terran
  • Spawn Location: 9:00

VOD

Have the link to the VOD?

Description

Time

  • Played on: Nov. 28, 2018, 9:13 a.m.
  • Length: 3:38
Show
View Real Time Build Order
Export as new Build Order

InstagiB Terran 

Build Orders: 1/1/1 

Get SALT Encoding   

  12  0:00  SCV  
  13  0:12  SCV  
  14  0:18  Supply Depot  
  14  0:24  SCV  
  15  0:30  Refinery  
  15  0:40  SCV  
  16  0:45  Barracks  
  16  0:54  SCV  
  17  1:06  SCV  
  18  1:18  SCV  
  19  1:30  SCV  
  20  1:39  Factory  
  20  1:42  Orbital Command  
  20  1:53  Marine  
  20  1:54  Supply Depot  
  21  2:08  SCV  
  21  2:14  Marine  
  22  2:25  SCV, Starport  
  23  2:37  SCV  
  23  2:43  Marine, Hellion  
  26  2:49  SCV  
  26  2:55  Command Center  
  24  3:01  Marine, SCV  
  24  3:05  Hellion  
  22  3:13  SCV  
  22  3:18  Marine  
  19  3:25  SCV  
Show
View Real Time Build Order
Export as new Build Order

OwnEd Terran 

Build Orders:  

Get SALT Encoding   

  12  0:00  SCV  
  13  0:12  SCV  
  14  0:20  Supply Depot  
  14  0:28  SCV  
  15  0:42  SCV  
  16  0:44  Barracks  
  16  0:47  Refinery  
  16  0:54  SCV  
  17  1:10  SCV  
  18  1:34  Supply Depot  
  18  1:38  Command Center  
  18  1:50  Marine  
  19  1:54  Orbital Command  
  19  2:06  Factory  
  19  2:12  Marine  
  20  2:21  SCV  
  21  2:29  Marine  
  22  2:38  SCV  
  23  2:47  Marine  
  23  2:50  Starport  
  24  2:51  Orbital Command  
  24  3:00  Hellion  
  26  3:08  Marine  
Show
View Real Time Build Order
Export as new Build Order

Scorpion Protoss - Winner!

Build Orders: Oracle Opening 

Get SALT Encoding   

  12  0:03  Probe  
  13  0:16  Probe  
  14  0:23  Pylon  
  14  0:28  Probe  
  15  0:37  Probe  
  16  0:44  Gateway  
  16  0:45  Probe  
  17  0:51  Assimilator  
  17  0:54  Probe  
  17  1:02  Probe  
  17  1:04  Pylon  
  18  1:10  Probe  
  20  1:25  Probe  
  21  1:32  Cybernetics Core  
  21  1:36  Assimilator  
  21  1:41  Probe  
  22  2:15  Stalker, Stargate  
  22  2:17  Nexus  
  24  2:32  Probe  
  25  2:44  Probe  
  25  2:49  Oracle  
  26  2:56  Pylon  
  29  3:17  Probe  
  33  3:27  Assimilator  
  33  3:31  Assimilator  
Show
View Real Time Build Order
Export as new Build Order

PureLegacy Terran - Winner!

Build Orders:  

Get SALT Encoding   

  12  0:01  SCV  
  13  0:14  SCV  
  14  0:19  Supply Depot  
  14  0:26  SCV  
  15  0:31  Refinery  
  15  0:41  SCV  
  16  0:46  Barracks  
  16  0:53  SCV  
  17  1:05  Barracks  
  17  1:17  Barracks  
  17  1:21  SCV  
  18  1:34  Reaper  
  19  1:40  Orbital Command  
  19  1:50  Refinery  
  19  1:53  Reaper  
  20  2:00  Supply Depot  
  20  2:06  Reaper  
  21  2:09  Reaper  
  23  2:22  SCV  
  23  2:25  Supply Depot  
  23  2:27  Reaper  
  24  2:38  Reaper  
  24  2:41  SCV  
  24  2:44  Reaper  
  27  2:59  Reaper  
  28  3:05  Command Center  
Tags
 
Add a new tag
Caveats
  • Supply blocks, unpowered buildings, or Contaminate may cause inaccurate times.
  • Supply counts are checked every 10 seconds.